 Dungeon Crawl Stone Soup version 0.32-a0-128-g77eb882913 (webtiles) character file.

Game seed: 3644037611192891811

60 lupinibeans the Chiller (level 4, -5/30 HPs)
             Began as a Merfolk Ice Elementalist on Feb 7, 2024.
             Engulfed by an orc wizard's steam (6 damage)
             ... on level 3 of the Dungeon.
             The game lasted 00:28:46 (2100 turns).

lupinibeans the Chiller (Merfolk Ice Elementalist)  Turns: 2100, Time: 00:28:46

Health: -5/30      AC: 10    Str:  8    XL:     4   Next: 6%
Magic:  4/8        EV:  1    Int: 16    God:
Gold:   129        SH:  0    Dex: 14    Spells: 7/8 levels left

rFire   . . .        k - +1 trident
rCold   . . .        (no shield)
rNeg    . . .        r - +0 plate armour
rPois   .            (no helmet)
rElec   .            (no cloak)
rCorr   .            (no gloves)
SInv    .            o - melded +0 pair of boots
Will    .....        (no amulet) Stlth
                     (no ring)
HPRegen 0.25/turn    (no ring)
MPRegen 0.11/turn

%: no passive effects
@: very slightly contaminated, very quick
A: nimble swimmer 2, mertail
a: no special abilities


You were on level 3 of the Dungeon.
You visited 1 branch of the dungeon, and saw 3 of its levels.

You collected 129 gold pieces.

Inventory:

Hand Weapons
 h - a +0 war axe
 j - a +0 short sword
 k - a +1 trident (weapon)
Missiles
 e - 3 poisoned darts
Armour
 a - a +0 robe
 n - a +0 leather armour
 o - a +0 pair of boots (melded)
 r - a +0 plate armour (worn)
Scrolls
 g - a scroll of teleportation {unknown}
 i - a scroll of enchant armour {unknown}
 m - a scroll of immolation {unknown}
 p - a scroll of amnesia {unknown}
 q - a scroll of identify {unknown}
Potions
 b - a potion of magic
 d - a potion of cancellation {unknown}
 f - 2 potions of brilliance {unknown}
 l - a potion of degeneration {unknown}


   Skills:
 + Level 0.4 Axes
 + Level 0.4(0.8) Polearms
 + Level 2.9 Dodging
 + Level 2.3 Stealth
 + Level 2.8 Spellcasting
 * Level 5.1 Ice Magic


You had 7 spell levels left.
You knew the following spells:

 Your Spells              Type           Power      Damage    Failure   Level
a - Freeze                Ice            72%        1d8       100%        1

Your spell library contained the following spells:

 Spells                   Type           Power      Damage    Failure   Level
 Frozen Ramparts          Ice            36%        1d6       100%        3
 Ozocubu's Armour         Ice            18%        N/A       100%        3
 Summon Ice Beast         Ice/Summ       10%        N/A       100%        3


Dungeon Overview and Level Annotations

Branches:
Dungeon (3/15)

Altars:
Cheibriados


Innate Abilities, Weirdness & Mutations

You are very nimble when in or above water. (Stealth+, EV+, Speed+++)
Your lower body shifts to a powerful aquatic tail in water.


Message History

You miscast Freeze.
Nothing appears to happen.
The orc hits you but does no damage.
You miscast Freeze.
Nothing appears to happen.
You hear some strange, mumbled words.
Something tries to affect you, but you resist.
The orc hits you but does no damage. The orc hits you with a +0 short sword.
You hit the orc.
The orc is moderately wounded.
You hear some strange, mumbled words.
You are confused.
The orc barely misses you. The orc hits you with a +0 short sword.
You're too confused to move!
The orc hits you but does no damage. x2
You closely miss the orc.
Your tail-slap misses the orc.
The orc is moderately wounded.
The orc hits you but does no damage. The orc hits you with a +0 short sword.
You are too injured to fight recklessly!
You are too injured to fight recklessly!
Something hits you. The orc hits you but does no damage.
You hear some strange, mumbled words.
A puff of flame appears from out of thin air!
The puff of flame hits you.
* * * LOW HITPOINT WARNING * * *
You are engulfed in a cloud of scalding steam.
You are engulfed in a cloud of scalding steam.
You feel less confused.
You hear some strange, mumbled words.
Something tries to affect you, but you resist.
The orc attacks as it pursues you! The orc hits you but does no damage.
A puff of flame appears from out of thin air!
The puff of flame hits you!
* * * LOW HITPOINT WARNING * * *
A hobgoblin comes into view.
The hobgoblin shouts!
You are too injured to fight recklessly!
As you read the scroll labelled GONGUN RUW, it crumbles to dust.
It is a scroll of enchant weapon.
Your +0 trident glows red for a moment.
You are engulfed in a cloud of scalding steam.
You die...

............(##.####
#...<#
...................#
######
.............≈.ß.≈.# ..
.............≈...≈.##.#
............)≈≈.≈≈....#
.......<.....≈≈o≈≈.######
......#...#..§§o≈≈.......
......#.####.§§o≈≈.######
......#......≈§§@≈.#
######.§§≈§..# #..§.§..#
###.###...# #.# ##.# ...
># ..## # ... ....


You could see 3 orcs.

Vanquished Creatures
  2 adders (D:2)
  A ribbon worm (D:2)
  An orc (D:3)
  2 bats
  3 endoplasms
  2 giant cockroaches (D:1)
  3 goblins
  5 hobgoblins
  3 jackals (D:2)
  3 kobolds
  A quokka (D:2)
  5 ball pythons
  2 frilled lizards (D:2)
  5 rats
38 creatures vanquished.

Notes
Turn   | Place    | Note
-------+----------+-------------------------------------------
     0 | D:1      | lupinibeans the Merfolk Ice Elementalist began the quest
                  | for the Orb.
     0 | D:1      | Reached XP level 1. HP: 13/13 MP: 3/3
   377 | D:2      | Reached XP level 2. HP: 14/19 MP: 0/5
   548 | D:2      | Reached XP level 3. HP: 10/24 MP: 0/6
  1111 | D:2      | Reached skill level 5 in Ice Magic
  1118 | D:2      | Upgraded the game from 0.32-a0-120-gfac0567ad4 to
                  | 0.32-a0-128-g77eb882913
  1903 | D:1      | You fall into a shaft and drop 1 floor!
  1954 | D:3      | Found a snail-covered altar of Cheibriados.
  1972 | D:3      | Reached XP level 4. HP: 30/30 MP: 6/8
  2097 | D:3      | HP: 1/30 [something/puff of flame (9)]
  2100 | D:3      | Engulfed by an orc wizard's steam

Illustrated notes

Levels and vault maps discovered:
D:1:      dpeg_arrival_three_bigger_balls, layout_loops_ring
D:2:      layout_loops_ring
D:3:      layout_basic, mainiacjoe_overflow_brackets,
          nicolae_ashenzari_skybound, mainiacjoe_overflow_catwalk, serial_shops,
          nicolae_shop_hallway_stairs

Skill      XL: |  1  2  3 |
---------------+----------+-----
Ice Magic      | 5 |  5.1
Axes           | |  0.4
Polearms       | |  0.4
Dodging        | |  2.9
Stealth        | |  2.3
Spellcasting   | |  2.8

Action                     |  1- 3 |  4- 6 || total
---------------------------+-------+-------++-------
  Melee: Unarmed           |     2 |       ||     2
         War axe           |    16 |       ||    16
         Punch             |     1 |       ||     1
         Trident           |     5 |     2 ||     7
  Throw: Dart              |     3 |       ||     3
   Cast: Freeze            |    49 |     4 ||    53
    Use: Scroll            |     1 |     1 ||     2
 Armour: Robe              |    40 |       ||    40
         Leather armour    |     3 |       ||     3
         Plate armour      |       |    27 ||    27
  Dodge: Dodged            |    72 |     5 ||    77

Table legend: (Time is in decaauts)
 A = Elapsed time spent in this place.
 B = Non-inter-level travel time spent in this place.
 C = Inter-level travel time spent in this place.
 D = Time resting spent in this place.
 E = Time spent auto-exploring this place.
 F = Levels seen in this place.
 G = Mean time per level.
                   A        B        C        D        E       F      G
               +--------+--------+--------+--------+--------+-----+--------+
         Total |   2086 |   2077 |      9 |      2 |    611 |   3 |  695.3 |
       Dungeon |   2086 |   2077 |      9 |      2 |    611 |   3 |  695.3 |
               +--------+--------+--------+--------+--------+-----+--------+

Top non-repeatable levels by time:
     D:1: 1013 daAuts
     D:2: 933 daAuts
     D:3: 140 daAuts
